Moose vs Condors
(R1)
Created - December 9, 2024 at 19:06
Goals
|
Moose |
2 |
2 |
0 |
4 |
Condors |
1 |
3 |
3 |
7 |
|
Shots
|
Moose |
9 |
8 |
5 |
22 |
Condors |
8 |
14 |
20 |
42 |
|
1st period
1. Condors , Adam Erne 7 (Martin Frk 9) at 11:43 (PP)
2. Moose , Chase De Leo 8 (Anders Bjork 15, Matthew Benning 14) at 12:18
3. Moose , Anders Bjork 6 (Chase De Leo 12, Ludwig Bystrom 14) at 12:58 (PP)
Penalties :
Yegor Sharangovich (Bak) for Delaying the game (Minor) at 0:13, Michael McLeod (Man) for Roughing (Minor) at 11:27, Martin Frk (Bak) for Holding Stick (Minor) at 12:23, Taro Hirose (Bak) for Roughing (Minor) at 14:09, Matthew Benning (Man) for Hooking (Minor) at 16:30
2nd period
4. Moose , Lukas Rousek 6 (Boris Katchouk 7, Juuso Valimaki 12) at 0:39
5. Condors , Connor Hurley 5 (Taro Hirose 4, Cody Glass 8) at 4:34
6. Moose , Nick Paul 16 (Michael McLeod 15, Vinni Lettieri 5) at 4:46
7. Condors , Klim Kostin 5 (Nick Shore 19, Martin Frk 10) at 8:08
8. Condors , Klim Kostin 6 (Evan Bouchard 7, Martin Frk 11) at 19:23
Penalties :
Connor Hurley (Bak) for Holding (Minor) at 9:04, Ludwig Bystrom (Man) for Hooking (Minor) at 19:42
3rd period
9. Condors , Taro Hirose 3 (Connor Hurley 1, Cody Glass 9) at 2:27
10. Condors , Cody Glass 5 (Alexander Alexeyev 7) at 7:17
11. Condors , Martin Frk 10 (Nick Shore 20, Alexander Alexeyev 8) at 11:35
Penalties :
Jake Leschyshyn (Man) for High sticking (Minor) at 4:51, Jake Leschyshyn (Man) for Interference (Minor) at 13:11, Jake Leschyshyn (Man) for High sticking (Minor) at 17:16
Goalie Stats
Filip Gustavsson (Man), 35 saves from 42 shots - (0.833), L, 10-8-2, 60:00 minutes
Jaxson Stauber (Bak), 9 saves from 13 shots - (0.692), 24:46 minutes
Stuart Skinner (Bak), 9 saves from 9 shots - (1.000), W, 6-7-1, 35:14 minutes
Players Stats for Moose
Player Name G A P +/- PIM S H SB GA TA FO MP PP MP PK MP
------------------------------------------------------------------------------------
Aliaksei Protas 0 0 0 -1 0 1 4 1 0 0 0/0 13:36 0:00 0:00
Anders Bjork 1 1 2 1 0 5 5 2 1 0 1/1 17:16 3:09 4:02
Boris Katchouk 0 1 1 -1 0 0 3 0 0 0 0/0 13:57 0:12 0:50
Caleb Jones 0 0 0 0 0 0 2 0 1 1 0/0 20:07 2:22 5:07
Chase De Leo 1 1 2 1 0 3 2 0 0 0 1/9 16:34 3:09 3:04
Jake Leschyshyn 0 0 0 -1 6 0 1 0 0 0 2/6 12:25 0:00 0:30
Jaret Anderson-Dolan 0 0 0 -2 0 0 2 0 0 0 1/3 6:18 0:00 0:00
Joey Keane 0 0 0 -2 0 0 2 1 0 0 0/0 12:17 0:00 0:00
Josh Mahura 0 0 0 -2 0 3 0 2 0 0 0/0 13:54 0:00 1:23
Juuso Parssinen 0 0 0 -2 0 0 0 0 0 0 0/0 6:27 0:09 0:00
Juuso Valimaki 0 1 1 0 0 0 2 0 0 1 0/0 19:29 2:22 4:00
Kieffer Bellows 0 0 0 0 0 0 0 0 0 0 0/0 3:15 3:06 0:00
Ludwig Bystrom 0 1 1 -1 2 0 2 2 2 0 0/0 27:24 4:10 4:38
Lukas Rousek 1 0 1 -1 0 1 0 0 0 0 0/0 11:21 0:00 0:00
Matthew Benning 0 1 1 -1 2 0 3 2 1 0 0/0 28:46 4:10 5:14
Michael McLeod 0 1 1 -1 2 5 1 0 1 0 17/38 23:51 3:14 5:50
Nick Paul 1 0 1 -1 0 4 1 0 1 0 1/5 24:08 3:14 6:06
Vinni Lettieri 0 1 1 -1 0 0 0 0 0 1 0/2 18:38 3:23 0:00
Players Stats for Condors
Player Name G A P +/- PIM S H SB GA TA FO MP PP MP PK MP
------------------------------------------------------------------------------------
Adam Erne 1 0 1 0 0 8 2 0 1 2 0/0 22:50 5:55 3:27
Alexander Alexeyev 0 2 2 1 0 0 3 2 0 0 0/0 19:39 3:25 2:44
Alexandre Carrier 0 0 0 -1 0 4 3 0 0 0 0/0 28:38 6:46 3:48
Cody Glass 1 2 3 3 0 4 0 0 0 0 1/2 11:22 0:09 0:00
Connor Hurley 1 1 2 3 2 2 0 0 0 0 2/3 9:50 0:00 0:00
Evan Bouchard 0 1 1 -1 0 1 0 2 1 1 0/0 27:52 6:46 3:48
Gustav Olofsson 0 0 0 1 0 0 1 0 0 0 0/0 20:43 3:25 2:44
Jordan Subban 0 0 0 3 0 0 2 0 0 1 0/0 10:39 0:00 0:00
Klim Kostin 2 0 2 0 0 2 1 0 0 2 1/1 17:42 4:07 2:23
Martin Frk 1 3 4 0 2 5 1 1 0 0 1/2 17:12 5:55 0:00
Nick Shore 0 2 2 0 0 4 0 0 0 0 21/29 21:00 5:55 3:46
Nikolai Knyzhov 0 0 0 3 0 0 1 0 0 1 0/0 10:39 0:00 0:00
Philip Broberg 0 0 0 0 0 0 0 0 0 0 0/0 1:50 0:00 0:00
Pontus Holmberg 0 0 0 0 0 3 0 0 0 0 0/0 6:59 0:00 0:00
Raphael Lavoie 0 0 0 0 0 0 1 0 0 0 0/0 6:59 0:00 0:00
Ryan McLeod 0 0 0 0 0 2 1 0 1 0 1/3 9:39 0:09 0:34
Taro Hirose 1 1 2 3 2 1 2 0 0 0 0/0 12:04 0:09 0:09
Tyson Jost 0 0 0 0 0 6 1 0 0 0 13/23 19:11 4:07 1:52
Yegor Sharangovich 0 0 0 0 2 0 0 0 0 0 1/1 18:36 4:07 0:53
3 Stars
1 - Cody Glass (Bak)
2 - Martin Frk (Bak)
3 - Klim Kostin (Bak)
Power Play
Moose - 1 on 4 Attempt(s) - 25.00%
Condors - 1 on 6 Attempt(s) - 16.67%
Penalty Kill
Moose - 5 on 6 Attempt(s) - 83.33%
- Score 0 goal in Penalty Kill
Condors - 3 on 4 Attempt(s) - 75.00%
- Score 0 goal in Penalty Kill
Team Stat
Moose - Hits : 30 - Faceoff Wins : 23 - Blocked Shots : 10 - Penalty Minutes : 12
Condors - Hits : 19 - Faceoff Wins : 41 - Blocked Shots : 5 - Penalty Minutes : 8
Official
Referees : Brad Meier and Dean Morton
Linesman : Tony Sericolo and Michel Cormier
Game Notes
Stuart Skinner enters game at 4:46 of 2nd period
Finance
Level 1 -- Attendance: 1774 (88.70%) -- Ticket Income $124,180
Level 2 -- Attendance: 1000 (100.00%) -- Ticket Income $40,000
Total Attendance: 2774 (92.47%)
Total Ticket Income: $164,180
Other Income: $8,209
Total Income: $172,389
Moose
5 vs 5 Forward
Center Left Wing Right Wing Time % Phy DF OF
1 Michael McLeod Nick Paul Vinni Lettieri 40 1 2 2
2 Chase De Leo Anders Bjork Aliaksei Protas 30 1 2 2
3 Jake Leschyshyn Boris Katchouk Lukas Rousek 20 1 2 2
4 Jaret Anderson-Dolan Juuso Parssinen Aliaksei Protas 10 1 2 2
5 vs 5 Defense
Defense Defense Time % Phy DF OF
1 Ludwig Bystrom Matthew Benning 40 1 2 2
2 Juuso Valimaki Caleb Jones 30 1 2 2
3 Josh Mahura Joey Keane 20 1 2 2
4 Ludwig Bystrom Matthew Benning 10 1 2 2
PowerPlay Forward
Center Left Wing Right Wing Time % Phy DF OF
1 Michael McLeod Nick Paul Vinni Lettieri 60 1 2 2
2 Chase De Leo Anders Bjork Kieffer Bellows 40 1 2 2
PowerPlay Defense
Defense Defense Time % Phy DF OF
1 Ludwig Bystrom Matthew Benning 60 1 2 2
2 Juuso Valimaki Caleb Jones 40 1 2 2
Penalty Kill 4 Players Forward
Center Wing Time % Phy DF OF
1 Michael McLeod Nick Paul 60 1 2 2
2 Chase De Leo Anders Bjork 40 1 2 2
Penalty Kill 4 Players Defense
Defense Defense Time % Phy DF OF
1 Ludwig Bystrom Matthew Benning 60 1 2 2
2 Juuso Valimaki Caleb Jones 40 1 2 2
Penalty Kill - 3 Players Forward
Forward Time % Phy DF OF
1 Michael McLeod 60 1 2 2
2 Chase De Leo 40 1 2 2
Penalty Kill - 3 Players Defense
Defense Defense Time % Phy DF OF
1 Ludwig Bystrom Matthew Benning 60 1 2 2
2 Juuso Valimaki Caleb Jones 40 1 2 2
4 vs 4 Forward
Center Wing Time % Phy DF OF
1 Michael McLeod Nick Paul 60 1 2 2
2 Chase De Leo Anders Bjork 40 1 2 2
4 vs 4 Defense
Defense Defense Time % Phy DF OF
1 Ludwig Bystrom Matthew Benning 60 1 2 2
2 Juuso Valimaki Caleb Jones 40 1 2 2
Last Minutes Offensive
Center Left Wing Right Wing Defense Defense
Michael McLeod Nick Paul Vinni Lettieri Ludwig Bystrom Matthew Benning
Last Minutes Defensive
Center Left Wing Right Wing Defense Defense
Michael McLeod Nick Paul Vinni Lettieri Ludwig Bystrom Matthew Benning
Goaltenders
Starting : Filip Gustavsson
Backup : Daniel Vladar
Extra Forwards
Normal : Anders Bjork, Boris Katchouk, Jake Leschyshyn - PP : Anders Bjork, Boris Katchouk - PK : Anders Bjork
Extra Defensemen
Normal : Caleb Jones, Josh Mahura, Joey Keane - PP : Caleb Jones - PK : Caleb Jones, Josh Mahura
Penalty Shots
Michael McLeod, Nick Paul, Chase De Leo, Vinni Lettieri, Anders Bjork
Custom OT Lines Forwards
Michael McLeod, Nick Paul, Chase De Leo, Vinni Lettieri, Anders Bjork, Boris Katchouk, Jake Leschyshyn, Kieffer Bellows, Lukas Rousek, Aliaksei Protas
Custom OT Lines Defensemen
Ludwig Bystrom, Matthew Benning, Juuso Valimaki, Caleb Jones, Josh Mahura
Scratches
Riley Damiani (Healthy), Alexander Khovanov (Healthy), Mitchell Stephens (Healthy), Nelson Nogier (Healthy), Adam Ginning (Healthy)
Kristian Vesalainen (Healthy), Jonny Tychonick (Healthy), Max Jones (Healthy), Nathan Bastian (Healthy), William Bitten (Healthy)
Jonatan Berggren (Healthy), Joey Daccord (Healthy), Karel Vejmelka (Healthy)
Condors
5 vs 5 Forward
Center Left Wing Right Wing Time % Phy DF OF
1 Tyson Jost Adam Erne Yegor Sharangovich 40 1 2 2
2 Nick Shore Klim Kostin Martin Frk 30 1 2 2
3 Connor Hurley Taro Hirose Cody Glass 20 1 2 2
4 Ryan McLeod Raphael Lavoie Pontus Holmberg 10 1 2 2
5 vs 5 Defense
Defense Defense Time % Phy DF OF
1 Alexandre Carrier Evan Bouchard 40 1 2 2
2 Gustav Olofsson Alexander Alexeyev 30 1 2 2
3 Jordan Subban Nikolai Knyzhov 20 1 2 2
4 Philip Broberg Alexandre Carrier 10 1 2 2
PowerPlay Forward
Center Left Wing Right Wing Time % Phy DF OF
1 Nick Shore Adam Erne Martin Frk 60 1 2 2
2 Tyson Jost Klim Kostin Yegor Sharangovich 40 1 2 2
PowerPlay Defense
Defense Defense Time % Phy DF OF
1 Alexandre Carrier Evan Bouchard 60 1 2 2
2 Gustav Olofsson Alexander Alexeyev 40 1 2 2
Penalty Kill 4 Players Forward
Center Wing Time % Phy DF OF
1 Nick Shore Adam Erne 60 1 2 2
2 Tyson Jost Klim Kostin 40 1 2 2
Penalty Kill 4 Players Defense
Defense Defense Time % Phy DF OF
1 Alexandre Carrier Evan Bouchard 60 1 2 2
2 Gustav Olofsson Alexander Alexeyev 40 1 2 2
Penalty Kill - 3 Players Forward
Forward Time % Phy DF OF
1 Nick Shore 60 1 2 2
2 Tyson Jost 40 1 2 2
Penalty Kill - 3 Players Defense
Defense Defense Time % Phy DF OF
1 Alexandre Carrier Evan Bouchard 60 1 2 2
2 Gustav Olofsson Alexander Alexeyev 40 1 2 2
4 vs 4 Forward
Center Wing Time % Phy DF OF
1 Nick Shore Adam Erne 60 1 2 2
2 Tyson Jost Klim Kostin 40 1 2 2
4 vs 4 Defense
Defense Defense Time % Phy DF OF
1 Alexandre Carrier Evan Bouchard 60 1 2 2
2 Gustav Olofsson Alexander Alexeyev 40 1 2 2
Last Minutes Offensive
Center Left Wing Right Wing Defense Defense
Nick Shore Adam Erne Martin Frk Alexandre Carrier Evan Bouchard
Last Minutes Defensive
Center Left Wing Right Wing Defense Defense
Nick Shore Adam Erne Martin Frk Alexandre Carrier Evan Bouchard
Goaltenders
Starting : Jaxson Stauber
Backup : Stuart Skinner
Extra Forwards
Normal : Yegor Sharangovich, Klim Kostin, Taro Hirose - PP : Yegor Sharangovich, Klim Kostin - PK : Yegor Sharangovich
Extra Defensemen
Normal : Jordan Subban, Nikolai Knyzhov, Philip Broberg - PP : Jordan Subban - PK : Jordan Subban, Nikolai Knyzhov
Penalty Shots
Adam Erne, Martin Frk, Nick Shore, Tyson Jost, Yegor Sharangovich
Custom OT Lines Forwards
Adam Erne, Martin Frk, Nick Shore, Tyson Jost, Yegor Sharangovich, Klim Kostin, Taro Hirose, Cody Glass, Connor Hurley, Pontus Holmberg
Custom OT Lines Defensemen
Alexandre Carrier, Evan Bouchard, Gustav Olofsson, Alexander Alexeyev, Jordan Subban
Scratches
Cole Cassels (Healthy), Colin White (Healthy), Semyon Der-Arguchintsev (Healthy), Jeremy Gregoire (Healthy), Robin Salo (Healthy)
Filip Kral (Healthy), Brayden Pachal (Healthy), Remi Elie (Healthy), Filip Johansson (Healthy), Lucas Johansen (Healthy)
Cole Fonstad (Healthy), Jack Perbix (Healthy), Filip Cederqvist (Healthy), Michael Dipietro (Healthy)
% Time on Ice - Moose
Lines # - Real PCT - Wanted PCT - Time Play
Normal Forward
1 - 36% - 40% - 15:25
2 - 24% - 30% - 10:13
3 - 26% - 20% - 11:21
4 - 15% - 10% - 6:18
Normal Defense
1 - 39% - 40% - 16:49
2 - 29% - 30% - 12:38
3 - 28% - 20% - 12:17
4 - 4% - 10% - 1:33
PP Forward
1 - 52% - 60% - 3:23
2 - 48% - 40% - 3:09
PP Defense
1 - 64% - 60% - 4:10
2 - 36% - 40% - 2:22
PK Forward
1 - 80% - 60% - 8:06
2 - 20% - 40% - 2:05
PK Defense
1 - 65% - 60% - 6:37
2 - 35% - 40% - 3:34
PK3 Forward
1 - 0% - 60%
2 - 0% - 40%
PK3 Defense
1 - 0% - 60%
2 - 0% - 40%
44 Forward
1 - 0% - 60%
2 - 0% - 40%
44 Defense
1 - 0% - 60%
2 - 0% - 40%
Last Minute Offensive - 0:00
Last Minute Defensive - 0:00
Total
Forward - 60:00
Defense - 60:00
|
% Time on Ice - Condors
Lines # - Real PCT - Wanted PCT - Time Play
Normal Forward
1 - 36% - 40% - 15:23
2 - 26% - 30% - 11:12
3 - 22% - 20% - 9:43
4 - 16% - 10% - 6:59
Normal Defense
1 - 40% - 40% - 17:18
2 - 31% - 30% - 13:30
3 - 25% - 20% - 10:39
4 - 4% - 10% - 1:50
PP Forward
1 - 60% - 60% - 6:04
2 - 40% - 40% - 4:07
PP Defense
1 - 66% - 60% - 6:46
2 - 34% - 40% - 3:25
PK Forward
1 - 71% - 60% - 4:40
2 - 29% - 40% - 1:52
PK Defense
1 - 58% - 60% - 3:48
2 - 42% - 40% - 2:44
PK3 Forward
1 - 0% - 60%
2 - 0% - 40%
PK3 Defense
1 - 0% - 60%
2 - 0% - 40%
44 Forward
1 - 0% - 60%
2 - 0% - 40%
44 Defense
1 - 0% - 60%
2 - 0% - 40%
Last Minute Offensive - 0:00
Last Minute Defensive - 0:00
Total
Forward - 60:00
Defense - 60:00
|
Play-by-Play
1st period
0:01 of 1st period - Tyson Jost wins face-off versus Vinni Lettieri in neutral zone.
0:11 of 1st period - Wrist shot by Michael McLeod.
0:11 of 1st period - Stopped by Jaxson Stauber with a rebound.
0:13 of 1st period - Minor Penalty to Yegor Sharangovich for Delaying the game.
0:14 of 1st period - Nick Shore wins face-off versus Michael McLeod in Condors zone.
1:25 of 1st period - Caleb Jones is hit by Alexander Alexeyev and loses puck.
2:13 of 1st period - Penalty to Yegor Sharangovich is over, Yegor Sharangovich is back on ice.
5:21 of 1st period - Matthew Benning is hit by Alexandre Carrier and loses puck.
5:25 of 1st period - Icing by Matthew Benning.
5:26 of 1st period - Tyson Jost wins face-off versus Jake Leschyshyn in Moose zone.
5:29 of 1st period - Wrist shot by Adam Erne.
5:29 of 1st period - Stopped by Filip Gustavsson with a rebound.
6:16 of 1st period - Nikolai Knyzhov is hit by Juuso Valimaki and loses puck.
6:50 of 1st period - Snap shot by Klim Kostin.
6:50 of 1st period - Shot Blocked by Joey Keane.
7:06 of 1st period - Slapshot by Taro Hirose.
7:06 of 1st period - Shot Blocked by Josh Mahura.
7:12 of 1st period - Cody Glass is hit by Boris Katchouk and loses puck.
7:46 of 1st period - Slapshot by Tyson Jost.
7:46 of 1st period - Stopped by Filip Gustavsson with a rebound.
8:34 of 1st period - Vinni Lettieri is hit by Taro Hirose and loses puck.
8:58 of 1st period - Icing by Klim Kostin.
8:59 of 1st period - Nick Shore wins face-off versus Jake Leschyshyn in Condors zone.
9:04 of 1st period - Boris Katchouk is hit by Tyson Jost and loses puck.
9:27 of 1st period - Snap shot by Nick Paul.
9:27 of 1st period - Stopped by Jaxson Stauber without a rebound.
9:28 of 1st period - Nick Shore wins face-off versus Nick Paul in Condors zone.
9:28 of 1st period - Nick Shore is hit by Joey Keane.
9:59 of 1st period - Snap shot by Tyson Jost.
9:59 of 1st period - Shot Misses the Net.
10:01 of 1st period - Slapshot by Jordan Subban.
10:01 of 1st period - Shot Blocked by Anders Bjork.
10:03 of 1st period - Backhand shot by Tyson Jost.
10:03 of 1st period - Shot Misses the Net.
10:13 of 1st period - Slapshot by Alexandre Carrier.
10:13 of 1st period - Shot Blocked by Anders Bjork.
10:17 of 1st period - Snap shot by Pontus Holmberg.
10:17 of 1st period - Stopped by Filip Gustavsson with a rebound.
10:19 of 1st period - Slapshot by Alexandre Carrier.
10:19 of 1st period - Stopped by Filip Gustavsson with a rebound.
10:21 of 1st period - Snap shot by Ryan McLeod.
10:21 of 1st period - Shot Misses the Net.
10:23 of 1st period - Wrist shot by Alexandre Carrier.
10:23 of 1st period - Stopped by Filip Gustavsson without a rebound.
10:24 of 1st period - Michael McLeod wins face-off versus Tyson Jost in Moose zone.
10:35 of 1st period - Wrist shot by Michael McLeod.
10:35 of 1st period - Stopped by Jaxson Stauber without a rebound.
10:36 of 1st period - Michael McLeod wins face-off versus Tyson Jost in Condors zone.
11:03 of 1st period - Evan Bouchard is hit by Aliaksei Protas and loses puck.
11:10 of 1st period - Snap shot by Chase De Leo.
11:10 of 1st period - Stopped by Jaxson Stauber with a rebound.
11:12 of 1st period - Wrist shot by Anders Bjork.
11:12 of 1st period - Stopped by Jaxson Stauber without a rebound.
11:13 of 1st period - Tyson Jost wins face-off versus Michael McLeod in Condors zone.
11:27 of 1st period - Minor Penalty to Michael McLeod for Roughing.
11:28 of 1st period - Anders Bjork wins face-off versus Nick Shore in Moose zone.
11:28 of 1st period - Anders Bjork is hit by Adam Erne.
11:43 of 1st period - Snap shot by Adam Erne.
11:43 of 1st period - Goal by Adam Erne - Moose : 0 - Condors : 1.
11:44 of 1st period - Tyson Jost wins face-off versus Michael McLeod in neutral zone.
11:44 of 1st period - Tyson Jost is hit by Ludwig Bystrom.
12:18 of 1st period - Slapshot by Chase De Leo.
12:18 of 1st period - Goal by Chase De Leo - Moose : 1 - Condors : 1.
12:19 of 1st period - Michael McLeod wins face-off versus Nick Shore in neutral zone.
12:23 of 1st period - Minor Penalty to Martin Frk for Holding Stick.
12:24 of 1st period - Nick Shore wins face-off versus Michael McLeod in Condors zone.
12:58 of 1st period - Snap shot by Chase De Leo.
12:58 of 1st period - Deflect By Anders Bjork.
12:58 of 1st period - Goal by Anders Bjork - Moose : 2 - Condors : 1.
12:59 of 1st period - Michael McLeod wins face-off versus Tyson Jost in neutral zone.
13:13 of 1st period - Slapshot by Tyson Jost.
13:13 of 1st period - Stopped by Filip Gustavsson without a rebound.
13:14 of 1st period - Chase De Leo wins face-off versus Nick Shore in Moose zone.
14:03 of 1st period - Slapshot by Michael McLeod.
14:03 of 1st period - Shot Blocked by Alexander Alexeyev.
14:05 of 1st period - Snap shot by Boris Katchouk.
14:05 of 1st period - Deflect By Jake Leschyshyn.
14:05 of 1st period - Shot Misses the Net.
14:05 of 1st period - Puck is out of play.
14:06 of 1st period - Jake Leschyshyn wins face-off versus Cody Glass in Condors zone.
14:07 of 1st period - Snap shot by Boris Katchouk.
14:07 of 1st period - Shot Misses the Net.
14:09 of 1st period - Minor Penalty to Taro Hirose for Roughing.
14:10 of 1st period - Michael McLeod wins face-off versus Nick Shore in Condors zone.
14:11 of 1st period - Snap shot by Nick Paul.
14:11 of 1st period - Shot Misses the Net.
14:23 of 1st period - Snap shot by Michael McLeod.
14:23 of 1st period - Stopped by Jaxson Stauber without a rebound.
14:24 of 1st period - Nick Shore wins face-off versus Michael McLeod in Condors zone.
16:09 of 1st period - Penalty to Taro Hirose is over, Taro Hirose is back on ice.
16:13 of 1st period - Adam Erne is hit by Anders Bjork and loses puck.
16:28 of 1st period - Slapshot by Cody Glass.
16:28 of 1st period - Stopped by Filip Gustavsson with a rebound.
16:30 of 1st period - Minor Penalty to Matthew Benning for Hooking.
16:31 of 1st period - Michael McLeod wins face-off versus Tyson Jost in Moose zone.
16:44 of 1st period - Wrist shot by Michael McLeod.
16:44 of 1st period - Stopped by Jaxson Stauber with a rebound.
16:50 of 1st period - Klim Kostin is hit by Juuso Valimaki and loses puck.
17:15 of 1st period - Alexandre Carrier is hit by Anders Bjork and loses puck.
17:44 of 1st period - Tyson Jost is hit by Ludwig Bystrom and loses puck.
18:30 of 1st period - Penalty to Matthew Benning is over, Matthew Benning is back on ice.
19:08 of 1st period - Chase De Leo is hit by Nikolai Knyzhov and loses puck.
19:22 of 1st period - Alexander Alexeyev is hit by Boris Katchouk.
19:41 of 1st period - Boris Katchouk is hit by Gustav Olofsson and loses puck.
Goals for this period are 2 for Moose vs 1 for Condors.
Shots for this period are 9 for Moose vs 8 for Condors.
2nd period
0:01 of 2nd period - Nick Shore wins face-off versus Vinni Lettieri in neutral zone.
0:04 of 2nd period - Slapshot by Alexandre Carrier.
0:04 of 2nd period - Shot Misses the Net.
0:26 of 2nd period - Nick Shore is hit by Boris Katchouk and loses puck.
0:35 of 2nd period - Snap shot by Lukas Rousek.
0:35 of 2nd period - Shot Misses the Net.
0:37 of 2nd period - Slapshot by Juuso Valimaki.
0:37 of 2nd period - Shot Blocked by Evan Bouchard.
0:39 of 2nd period - Backhand shot by Boris Katchouk.
0:39 of 2nd period - Deflect By Lukas Rousek.
0:39 of 2nd period - Goal by Lukas Rousek - Moose : 3 - Condors : 1.
0:40 of 2nd period - Tyson Jost wins face-off versus Michael McLeod in neutral zone.
0:42 of 2nd period - Off-side.
0:43 of 2nd period - Tyson Jost wins face-off versus Michael McLeod in neutral zone.
0:57 of 2nd period - Off-side.
0:58 of 2nd period - Martin Frk wins face-off versus Michael McLeod in neutral zone.
1:25 of 2nd period - Chase De Leo is hit by Adam Erne and loses puck.
2:00 of 2nd period - Nikolai Knyzhov is hit by Caleb Jones.
2:56 of 2nd period - Snap shot by Adam Erne.
2:56 of 2nd period - Stopped by Filip Gustavsson without a rebound.
2:57 of 2nd period - Michael McLeod wins face-off versus Martin Frk in Moose zone.
3:46 of 2nd period - Taro Hirose is hit by Jaret Anderson-Dolan and loses puck.
3:51 of 2nd period - Slapshot by Josh Mahura.
3:51 of 2nd period - Stopped by Jaxson Stauber without a rebound.
3:52 of 2nd period - Connor Hurley wins face-off versus Jaret Anderson-Dolan in Condors zone.
4:16 of 2nd period - Snap shot by Cody Glass.
4:16 of 2nd period - Shot Misses the Net.
4:18 of 2nd period - Wrist shot by Cody Glass.
4:18 of 2nd period - Stopped by Filip Gustavsson with a rebound.
4:20 of 2nd period - Slapshot by Jordan Subban.
4:20 of 2nd period - Shot Misses the Net.
4:34 of 2nd period - Snap shot by Connor Hurley.
4:34 of 2nd period - Goal by Connor Hurley - Moose : 3 - Condors : 2.
4:35 of 2nd period - Michael McLeod wins face-off versus Nick Shore in neutral zone.
4:44 of 2nd period - Snap shot by Michael McLeod.
4:44 of 2nd period - Stopped by Jaxson Stauber with a rebound.
4:46 of 2nd period - Wrist shot by Michael McLeod.
4:46 of 2nd period - Deflect By Nick Paul.
4:46 of 2nd period - Goal by Nick Paul - Moose : 4 - Condors : 2.
4:46 of 2nd period - Stuart Skinner enters game.
4:47 of 2nd period - Tyson Jost wins face-off versus Nick Paul in neutral zone.
4:52 of 2nd period - Wrist shot by Yegor Sharangovich.
4:52 of 2nd period - Deflect By Adam Erne.
4:52 of 2nd period - Stopped by Filip Gustavsson without a rebound.
4:53 of 2nd period - Yegor Sharangovich wins face-off versus Michael McLeod in Moose zone.
4:58 of 2nd period - Slapshot by Adam Erne.
4:58 of 2nd period - Shot Misses the Net.
5:00 of 2nd period - Slapshot by Tyson Jost.
5:00 of 2nd period - Stopped by Filip Gustavsson without a rebound.
5:01 of 2nd period - Klim Kostin wins face-off versus Michael McLeod in Moose zone.
5:32 of 2nd period - Wrist shot by Adam Erne.
5:32 of 2nd period - Stopped by Filip Gustavsson with a rebound.
5:40 of 2nd period - Slapshot by Adam Erne.
5:40 of 2nd period - Stopped by Filip Gustavsson without a rebound.
5:41 of 2nd period - Michael McLeod wins face-off versus Connor Hurley in Moose zone.
6:08 of 2nd period - Alexander Alexeyev is hit by Anders Bjork.
6:14 of 2nd period - Snap shot by Anders Bjork.
6:14 of 2nd period - Stopped by Stuart Skinner with a rebound.
6:28 of 2nd period - Caleb Jones is hit by Martin Frk and loses puck.
6:49 of 2nd period - Wrist shot by Pontus Holmberg.
6:49 of 2nd period - Stopped by Filip Gustavsson with a rebound.
6:55 of 2nd period - Vinni Lettieri is hit by Ryan McLeod and loses puck.
7:09 of 2nd period - Ryan McLeod is hit by Aliaksei Protas.
7:14 of 2nd period - Alexandre Carrier is hit by Aliaksei Protas and loses puck.
7:21 of 2nd period - Snap shot by Cody Glass.
7:21 of 2nd period - Shot Blocked by Josh Mahura.
7:50 of 2nd period - Wrist shot by Chase De Leo.
7:50 of 2nd period - Shot Blocked by Alexander Alexeyev.
7:52 of 2nd period - Snap shot by Michael McLeod.
7:52 of 2nd period - Shot Blocked by Martin Frk.
7:54 of 2nd period - Slapshot by Vinni Lettieri.
7:54 of 2nd period - Shot Misses the Net.
7:56 of 2nd period - Wrist shot by Josh Mahura.
7:56 of 2nd period - Stopped by Stuart Skinner without a rebound.
7:57 of 2nd period - Nick Shore wins face-off versus Michael McLeod in Condors zone.
8:04 of 2nd period - Snap shot by Nick Shore.
8:04 of 2nd period - Shot Blocked by Ludwig Bystrom.
8:06 of 2nd period - Snap shot by Nick Shore.
8:06 of 2nd period - Shot Blocked by Matthew Benning.
8:08 of 2nd period - Snap shot by Klim Kostin.
8:08 of 2nd period - Goal by Klim Kostin - Moose : 4 - Condors : 3.
8:09 of 2nd period - Michael McLeod wins face-off versus Tyson Jost in neutral zone.
8:12 of 2nd period - Backhand shot by Ludwig Bystrom.
8:12 of 2nd period - Deflect By Nick Paul.
8:12 of 2nd period - Stopped by Stuart Skinner without a rebound.
8:13 of 2nd period - Michael McLeod wins face-off versus Tyson Jost in Condors zone.
8:24 of 2nd period - Snap shot by Nick Paul.
8:24 of 2nd period - Stopped by Stuart Skinner without a rebound.
8:25 of 2nd period - Nick Paul wins face-off versus Tyson Jost in Condors zone.
9:04 of 2nd period - Minor Penalty to Connor Hurley for Holding.
9:05 of 2nd period - Nick Shore wins face-off versus Chase De Leo in Condors zone.
10:28 of 2nd period - Yegor Sharangovich is hit by Nick Paul and loses puck.
10:59 of 2nd period - Alexandre Carrier is hit by Chase De Leo and loses puck.
11:04 of 2nd period - Penalty to Connor Hurley is over, Connor Hurley is back on ice.
11:10 of 2nd period - Connor Hurley is hit by Jake Leschyshyn and loses puck.
11:32 of 2nd period - Snap shot by Ryan McLeod.
11:32 of 2nd period - Shot Hit the Post.
11:40 of 2nd period - Snap shot by Pontus Holmberg.
11:40 of 2nd period - Stopped by Filip Gustavsson with a rebound.
13:04 of 2nd period - Josh Mahura is hit by Klim Kostin and loses puck.
13:21 of 2nd period - Snap shot by Alexandre Carrier.
13:21 of 2nd period - Shot Blocked by Aliaksei Protas.
14:48 of 2nd period - Connor Hurley is hit by Joey Keane and loses puck.
14:59 of 2nd period - Wrist shot by Cody Glass.
14:59 of 2nd period - Deflect By Connor Hurley.
14:59 of 2nd period - Shot Misses the Net.
14:59 of 2nd period - Puck is out of play.
15:00 of 2nd period - Jaret Anderson-Dolan wins face-off versus Tyson Jost in Moose zone.
15:00 of 2nd period - Jaret Anderson-Dolan is hit by Jordan Subban.
15:22 of 2nd period - Nick Shore is hit by Michael McLeod and loses puck.
15:57 of 2nd period - Raphael Lavoie is hit by Anders Bjork and loses puck.
16:12 of 2nd period - Nick Paul is hit by Alexander Alexeyev and loses puck.
16:19 of 2nd period - Wrist shot by Tyson Jost.
16:19 of 2nd period - Stopped by Filip Gustavsson with a rebound.
16:21 of 2nd period - Slapshot by Jordan Subban.
16:21 of 2nd period - Shot Misses the Net.
16:23 of 2nd period - Snap shot by Yegor Sharangovich.
16:23 of 2nd period - Shot Misses the Net.
16:56 of 2nd period - Wrist shot by Anders Bjork.
16:56 of 2nd period - Deflect By Aliaksei Protas.
16:56 of 2nd period - Shot Misses the Net.
16:56 of 2nd period - Puck is out of play.
16:57 of 2nd period - Tyson Jost wins face-off versus Chase De Leo in Condors zone.
16:57 of 2nd period - Tyson Jost is hit by Chase De Leo.
17:21 of 2nd period - Caleb Jones is hit by Taro Hirose and loses puck.
17:58 of 2nd period - Slapshot by Gustav Olofsson.
17:58 of 2nd period - Shot Misses the Net.
18:46 of 2nd period - Snap shot by Connor Hurley.
18:46 of 2nd period - Stopped by Filip Gustavsson without a rebound.
18:47 of 2nd period - Tyson Jost wins face-off versus Chase De Leo in Moose zone.
19:19 of 2nd period - Slapshot by Martin Frk.
19:19 of 2nd period - Shot Misses the Net.
19:21 of 2nd period - Slapshot by Evan Bouchard.
19:21 of 2nd period - Shot Misses the Net.
19:23 of 2nd period - Slapshot by Klim Kostin.
19:23 of 2nd period - Goal by Klim Kostin - Moose : 4 - Condors : 4.
19:24 of 2nd period - Michael McLeod wins face-off versus Tyson Jost in neutral zone.
19:35 of 2nd period - Snap shot by Adam Erne.
19:35 of 2nd period - Stopped by Filip Gustavsson with a rebound.
19:42 of 2nd period - Minor Penalty to Ludwig Bystrom for Hooking.
19:43 of 2nd period - Nick Shore wins face-off versus Michael McLeod in Moose zone.
Goals for this period are 2 for Moose vs 3 for Condors.
Shots for this period are 8 for Moose vs 14 for Condors.
3rd period
0:01 of 3rd period - Nick Shore wins face-off versus Nick Paul in neutral zone.
0:34 of 3rd period - Slapshot by Alexandre Carrier.
0:34 of 3rd period - Stopped by Filip Gustavsson without a rebound.
0:35 of 3rd period - Michael McLeod wins face-off versus Nick Shore in Moose zone.
1:42 of 3rd period - Penalty to Ludwig Bystrom is over, Ludwig Bystrom is back on ice.
2:10 of 3rd period - Slapshot by Anders Bjork.
2:10 of 3rd period - Stopped by Stuart Skinner without a rebound.
2:11 of 3rd period - Connor Hurley wins face-off versus Jaret Anderson-Dolan in Condors zone.
2:11 of 3rd period - Cody Glass is hit by Jaret Anderson-Dolan.
2:25 of 3rd period - Wrist shot by Connor Hurley.
2:25 of 3rd period - Shot Misses the Net.
2:27 of 3rd period - Wrist shot by Taro Hirose.
2:27 of 3rd period - Goal by Taro Hirose - Moose : 4 - Condors : 5.
2:28 of 3rd period - Tyson Jost wins face-off versus Michael McLeod in neutral zone.
2:33 of 3rd period - Slapshot by Tyson Jost.
2:33 of 3rd period - Stopped by Filip Gustavsson without a rebound.
2:34 of 3rd period - Michael McLeod wins face-off versus Tyson Jost in Moose zone.
3:28 of 3rd period - Boris Katchouk is hit by Alexander Alexeyev and loses puck.
3:40 of 3rd period - Off-side.
3:41 of 3rd period - Ryan McLeod wins face-off versus Michael McLeod in neutral zone.
4:25 of 3rd period - Slapshot by Tyson Jost.
4:25 of 3rd period - Stopped by Filip Gustavsson with a rebound.
4:27 of 3rd period - Slapshot by Nick Shore.
4:27 of 3rd period - Stopped by Filip Gustavsson without a rebound.
4:28 of 3rd period - Nick Shore wins face-off versus Jake Leschyshyn in Moose zone.
4:51 of 3rd period - Minor Penalty to Jake Leschyshyn for High sticking.
4:52 of 3rd period - Michael McLeod wins face-off versus Nick Shore in Moose zone.
5:03 of 3rd period - Snap shot by Adam Erne.
5:03 of 3rd period - Deflect By Martin Frk.
5:03 of 3rd period - Stopped by Filip Gustavsson without a rebound.
5:04 of 3rd period - Nick Shore wins face-off versus Michael McLeod in Moose zone.
5:05 of 3rd period - Slapshot by Adam Erne.
5:05 of 3rd period - Stopped by Filip Gustavsson without a rebound.
5:06 of 3rd period - Nick Shore wins face-off versus Michael McLeod in Moose zone.
5:43 of 3rd period - Wrist shot by Tyson Jost.
5:43 of 3rd period - Shot Blocked by Matthew Benning.
5:52 of 3rd period - Off-side.
5:53 of 3rd period - Nick Shore wins face-off versus Chase De Leo in neutral zone.
6:51 of 3rd period - Penalty to Jake Leschyshyn is over, Jake Leschyshyn is back on ice.
7:01 of 3rd period - Wrist shot by Lukas Rousek.
7:01 of 3rd period - Deflect By Boris Katchouk.
7:01 of 3rd period - Shot Misses the Net.
7:01 of 3rd period - Puck is out of play.
7:02 of 3rd period - Cody Glass wins face-off versus Jake Leschyshyn in Condors zone.
7:17 of 3rd period - Snap shot by Cody Glass.
7:17 of 3rd period - Goal by Cody Glass - Moose : 4 - Condors : 6.
7:18 of 3rd period - Tyson Jost wins face-off versus Michael McLeod in neutral zone.
7:21 of 3rd period - Slapshot by Alexandre Carrier.
7:21 of 3rd period - Deflect By Michael McLeod.
7:21 of 3rd period - Stopped by Filip Gustavsson without a rebound.
7:22 of 3rd period - Tyson Jost wins face-off versus Michael McLeod in Moose zone.
7:25 of 3rd period - Snap shot by Adam Erne.
7:25 of 3rd period - Shot Misses the Net.
7:31 of 3rd period - Michael McLeod is hit by Alexandre Carrier.
7:41 of 3rd period - Tyson Jost is hit by Matthew Benning and loses puck.
8:06 of 3rd period - Snap shot by Nick Paul.
8:06 of 3rd period - Deflect By Michael McLeod.
8:06 of 3rd period - Shot Blocked by Evan Bouchard.
8:06 of 3rd period - Puck is out of play.
8:07 of 3rd period - Nick Shore wins face-off versus Chase De Leo in Condors zone.
8:18 of 3rd period - Wrist shot by Chase De Leo.
8:18 of 3rd period - Stopped by Stuart Skinner without a rebound.
8:19 of 3rd period - Nick Shore wins face-off versus Chase De Leo in Condors zone.
8:19 of 3rd period - Alexander Alexeyev is hit by Caleb Jones and loses puck.
8:24 of 3rd period - Slapshot by Anders Bjork.
8:24 of 3rd period - Stopped by Stuart Skinner without a rebound.
8:25 of 3rd period - Nick Shore wins face-off versus Chase De Leo in Condors zone.
8:25 of 3rd period - Klim Kostin is hit by Anders Bjork and loses puck.
10:56 of 3rd period - Snap shot by Anders Bjork.
10:56 of 3rd period - Shot Misses the Net.
10:58 of 3rd period - Slapshot by Josh Mahura.
10:58 of 3rd period - Stopped by Stuart Skinner with a rebound.
11:29 of 3rd period - Snap shot by Nick Shore.
11:29 of 3rd period - Shot Blocked by Ludwig Bystrom.
11:33 of 3rd period - Snap shot by Nick Shore.
11:33 of 3rd period - Stopped by Filip Gustavsson with a rebound.
11:35 of 3rd period - Snap shot by Martin Frk.
11:35 of 3rd period - Goal by Martin Frk - Moose : 4 - Condors : 7.
11:36 of 3rd period - Tyson Jost wins face-off versus Chase De Leo in neutral zone.
11:39 of 3rd period - Slapshot by Evan Bouchard.
11:39 of 3rd period - Shot Misses the Net.
11:47 of 3rd period - Adam Erne is hit by Aliaksei Protas and loses puck.
12:04 of 3rd period - Snap shot by Evan Bouchard.
12:04 of 3rd period - Stopped by Filip Gustavsson with a rebound.
12:06 of 3rd period - Snap shot by Klim Kostin.
12:06 of 3rd period - Deflect By Nick Shore.
12:06 of 3rd period - Stopped by Filip Gustavsson with a rebound.
12:08 of 3rd period - Wrist shot by Nick Shore.
12:08 of 3rd period - Stopped by Filip Gustavsson without a rebound.
12:09 of 3rd period - Nick Shore wins face-off versus Michael McLeod in Moose zone.
13:05 of 3rd period - Snap shot by Cody Glass.
13:05 of 3rd period - Stopped by Filip Gustavsson with a rebound.
13:11 of 3rd period - Minor Penalty to Jake Leschyshyn for Interference.
13:12 of 3rd period - Michael McLeod wins face-off versus Nick Shore in Moose zone.
13:38 of 3rd period - Evan Bouchard is hit by Matthew Benning and loses puck.
14:41 of 3rd period - Evan Bouchard is hit by Matthew Benning and loses puck.
15:11 of 3rd period - Penalty to Jake Leschyshyn is over, Jake Leschyshyn is back on ice.
15:31 of 3rd period - Wrist shot by Aliaksei Protas.
15:31 of 3rd period - Stopped by Stuart Skinner with a rebound.
15:51 of 3rd period - Slapshot by Pontus Holmberg.
15:51 of 3rd period - Deflect By Ryan McLeod.
15:51 of 3rd period - Stopped by Filip Gustavsson without a rebound.
15:52 of 3rd period - Michael McLeod wins face-off versus Ryan McLeod in Moose zone.
15:52 of 3rd period - Michael McLeod is hit by Raphael Lavoie.
16:18 of 3rd period - Anders Bjork is hit by Jordan Subban.
17:16 of 3rd period - Minor Penalty to Jake Leschyshyn for High sticking.
17:17 of 3rd period - Nick Shore wins face-off versus Michael McLeod in Moose zone.
17:24 of 3rd period - Slapshot by Martin Frk.
17:24 of 3rd period - Stopped by Filip Gustavsson without a rebound.
17:25 of 3rd period - Nick Shore wins face-off versus Nick Paul in Moose zone.
17:26 of 3rd period - Wrist shot by Martin Frk.
17:26 of 3rd period - Stopped by Filip Gustavsson with a rebound.
17:28 of 3rd period - Snap shot by Martin Frk.
17:28 of 3rd period - Stopped by Filip Gustavsson without a rebound.
17:29 of 3rd period - Nick Shore wins face-off versus Michael McLeod in Moose zone.
19:16 of 3rd period - Penalty to Jake Leschyshyn is over, Jake Leschyshyn is back on ice.
19:24 of 3rd period - Josh Mahura is hit by Alexandre Carrier and loses puck.
19:50 of 3rd period - Snap shot by Alexandre Carrier.
19:50 of 3rd period - Deflect By Pontus Holmberg.
19:50 of 3rd period - Shot Misses the Net.
19:50 of 3rd period - Puck is out of play.
19:51 of 3rd period - Jake Leschyshyn wins face-off versus Ryan McLeod in Moose zone.
19:58 of 3rd period - Snap shot by Ryan McLeod.
19:58 of 3rd period - Stopped by Filip Gustavsson with a rebound.
Goals for this period are 0 for Moose vs 3 for Condors.
Shots for this period are 5 for Moose vs 20 for Condors.